 Dungeon Crawl Stone Soup version 0.23.0 (webtiles) character file.

Game seed: 930759556851986257

49704 LostNumber the Geomancer (level 14, 0/97 HPs)
             Began as an Octopode Earth Elementalist on Feb 17, 2019.
             Was a High Priest of Sif Muna.
             Killed from afar by a raiju (18 damage)
             ... with a living lightning
             ... on level 2 of the Abyss.
             The game lasted 00:59:14 (25120 turns).

LostNumber the Geomancer (OpEE)                    Turns: 25120, Time: 00:59:15

Health: 0/97       AC:  5    Str:  8    XL:     14   Next: 52%
Magic:  18/27      EV: 18    Int: 24    God:    Sif Muna [*****.]
Gold:   444        SH: 12    Dex: 12    Spells: 8/31 levels left

rFire    + . .     SeeInvis .   w - +2 trident (vamp) {!w}
rCold    . . .     Gourm    .   p - +2 buckler
rNeg     . . .     Faith    .   (helmet restricted)
rPois    .         Spirit   .   q - +5 amulet of reflection
rElec    .         Reflect  +   o - +4 ring of slaying
rCorr    +         Harm     .   k - +4 ring of protection
MR       +....                  t - ring of resist corrosion
Stlth    +++++.....             i - ring of protection from fire
HPRegen  0.26/turn              B - ring of wizardry
MPRegen  0.20/turn              C - +2 ring of intelligence
                                (no ring)
                                (no ring)

@: no status effects
A: almost no armour, stealthy swim, amphibious, 8 rings, constrict 8, camouflage
1, gelatinous body 1
a: Divine Energy, Channel Magic, Forget Spell, Renounce Religion


You were on level 2 of the Abyss.
You worshipped Sif Muna.
Sif Muna was extremely pleased with you.
You were near starving.

You visited 3 branches of the dungeon, and saw 17 of its levels.
You visited the Abyss 1 time.
You also visited: Sewer.

You collected 700 gold pieces.
You spent 256 gold pieces at shops.

Inventory:

Hand Weapons
 w - a +2 vampiric trident (weapon) {!w}
   (You took it off a gnoll sergeant on level 5 of the Dungeon)
Missiles
 b - 207 stones (quivered)
 A - 5 throwing nets {!f}
Armour
 p - a +2 buckler (worn)
   (You found it on level 1 of the Dungeon)
Jewellery
 i - a ring of protection from fire (on tentacle)
   (You took it off a crimson imp on level 5 of the Dungeon)
 k - a +4 ring of protection (right tentacle)
   (You found it on level 2 of the Dungeon)
 o - a +4 ring of slaying (left tentacle)
   (You took it off an orc wizard on level 3 of the Dungeon)
 q - a +5 amulet of reflection (around mantle)
   (You found it on level 1 of the Lair of Beasts)
 t - a ring of resist corrosion (on tentacle)
   (You took it off Eustachio on level 4 of the Dungeon)
 B - a ring of wizardry (on tentacle)
   (You found it on level 6 of the Dungeon)
 C - a +2 ring of intelligence (on tentacle)
   (You found it on level 7 of the Dungeon)
Wands
 c - a wand of disintegration (5)
   (You found it on level 9 of the Dungeon)
 d - a wand of iceblast (12)
   (You found it on level 7 of the Dungeon)
 x - a wand of acid (14)
   (You found it on level 3 of the Dungeon)
 y - a wand of enslavement (13)
   (You found it on level 6 of the Dungeon)
 H - a wand of polymorph (17)
   (You found it on level 3 of the Lair of Beasts)
Scrolls
 f - 4 scrolls of enchant weapon
 l - 9 scrolls of remove curse {@r2}
 n - 4 scrolls of enchant armour
 v - 5 scrolls of teleportation {@r4}
 z - 2 scrolls of fog
 F - a scroll of identify {@r1}
Potions
 a - 3 potions of curing {@q1}
 g - 2 potions of brilliance
 j - 3 potions of haste {@q3}
 m - 3 potions of mutation {!q}
 r - a potion of invisibility
 s - 3 potions of agility
 u - 2 potions of heal wounds {@q2}
 D - 2 potions of flight
 E - a potion of magic
 G - a potion of lignification {!q}
Comestibles
 e - 23 rations {!d}


   Skills:
 + Level 9.0 Fighting
 * Level 7.0 Polearms
 + Level 10.1 Dodging
 - Level 10.0 Stealth
 - Level 4.0 Shields
 + Level 9.4 Spellcasting
 - Level 7.0 Conjurations
 * Level 4.9 Hexes
 * Level 5.0 Summonings
 - Level 3.0 Transmutations
 * Level 4.9 Fire Magic
 - Level 10.4 Earth Magic
 - Level 4.0 Evocations


You had 8 spell levels left.
You knew the following spells:

 Your Spells              Type           Power        Failure   Level  Hunger
a - Sandblast             Erth           ######       1%          1    None
b - Lee's Rapid Deconstr  Erth           ######....   1%          5    ####...
c - Petrify               Tmut/Erth      #####...     1%          4    ##.....
d - Fireball              Conj/Fire      #####.....   6%          5    ####...
w - Summon Mana Viper     Hex/Summ       #####...     9%          5    ####...
x - Stone Arrow           Conj/Erth      ######       1%          3    None

Your spell library contained the following spells:

 Spells                   Type           Power        Failure   Level  Hunger
 Magic Dart               Conj           ####         1%          1    None
 Shock                    Conj/Air       ####         1%          1    None
 Summon Butterflies       Summ           #####...     1%          1    None
 Passwall                 Tmut/Erth      #####...     1%          2    None
 Throw Flame              Conj/Fire      #####.       1%          2    None
 Conjure Flame            Conj/Fire      #####...     1%          3    None
 Bolt of Magma            Conj/Fire/Erth #####.....   2%          5    ####...
 Throw Icicle             Conj/Ice       ####....     5%          4    ##.....
 Spellforged Servitor     Conj/Summ      #####.....   82%         7    #######
 Summon Greater Demon     Summ           #####.....   90%         7    #######
 Ignition                 Fire           #####.....   100%        8    #######


Dungeon Overview and Level Annotations

Branches:
Dungeon (10/15)            Temple (1/1) D:5            Lair (6/6) D:8
  Swamp (0/4) Lair:2        Slime (0/5) Lair:5
  Snake: Lair:2-4    Spider: Lair:2-4       Orc: D:9-12

Altars:
Ashenzari
Cheibriados
Dithmenos
Elyvilon
Fedhas
Gozag
Hepliaklqana
Makhleb
Nemelex Xobeh
Okawaru
Qazlal
Ru
Sif Muna
Trog
Uskayaw
Vehumet
Wu Jian
Xom
Yredelemnul
Zin
The Shining One
Jiyva

Shops:
D:9 (%(*   D:10 (

Annotations:
D:7 2 transporters, Unholydonuts's ghost, novice DEFE
D:9 exclusion: 10 doors
Lair:2 Gastronok; Haraddelas's ghost, journeyman OpTm
Lair:4 Snorg


Innate Abilities, Weirdness & Mutations

You cannot wear most types of armour.
You are very stealthy in the water. (Stealth+)
You are amphibious.
You can wear up to eight rings at the same time.
You can use your tentacles to constrict eight enemies at once.
Your skin changes colour to match your surroundings (Stealth+).
Your rubbery body absorbs attacks. (AC +1, EV +1)


Message History

You squeeze the large abomination, but do no damage.
You hit the large abomination but do no damage.
You block the large abomination's attack.
You hit the large abomination but do no damage.
The large abomination closely misses you.
You puncture the large abomination! You squeeze the large abomination!
The large abomination hits you!!
You hear a bark!
You puncture the large abomination!
You destroy the large abomination!
Sif Muna accepts your kill.
A raiju comes into view.
You puncture the raiju! Your grab misses the raiju. You hit the raiju.
You grab the raiju.
You constrict the raiju, but do no damage.
The raiju barely misses you.
A raiju comes into view.
The raiju barks!
You puncture the raiju!
You feel better.
You constrict the raiju, but do no damage.
You hear a bark!
The raiju bursts into living lightning!
The living lightning hits you!
The raiju struggles to blink free from constriction. x2
The raiju blinks free!
The raiju bursts into living lightning!
The living lightning misses you.
The raiju blinks!
A raiju comes into view.
A mana viper appears with a sibilant hiss.
The raiju bites you! The raiju shocks you!
You hit the raiju. Your grab misses the raiju.
The raiju bursts into living lightning!
The living lightning hits you!!
* * * LOW HITPOINT WARNING * * *
The raiju blinks!
The raiju bursts into living lightning!
The living lightning hits you!
* * * LOW HITPOINT WARNING * * *
The raiju blinks!
Aim: a raiju (translocational energy)
The stone arrow hits the raiju!
Your mana viper completely misses the raiju.
Unknown command.
You swap places.
Your mana viper bites the raiju!
The raiju's magic leaks into the air.
The raiju falters for a moment.
You block the raiju's attack.
Your mana viper closely misses the raiju.
The raiju bursts into living lightning!
The living lightning hits you!!
You die...

....8.# # ....+
.. . ## #.#. ..
.# .######..##
. #.. ..#...##
. ###........#
. .
.##h#...#####.
. ##
.#S##..'.... '.
###h@.#..##.#..
#h#..# [ .
#..#..... .##.
# ##.#....... .
#.....#.... . #
........###
..#. ##.......
# ##.##.#.#


You could see 3 raiju and a friendly mana viper.

Vanquished Creatures
  Josephine (Lair:5)
  Harold (D:7)
  3 hydras
  2 catoblepae (Lair:5)
  A queen ant (Lair:3)
  2 two-headed ogres (D:8)
  Pikel (D:7)
  An oklob plant (Lair:6)
  9 elephants
  6 black mambas
  A rime drake (Lair:6)
  A kobold demonologist (D:8)
  27 spiny frogs
  7 komodo dragons
  A large abomination (Abyss:2)
  5 tyrant leeches (Lair:6)
  19 blink frogs
  Grinder (D:4)
  4 dream sheep (Lair:6)
  8 hippogriffs
  17 yaks
  4 wraiths (Lair:5)
  4 wyverns
  3 basilisks
  Eustachio (D:4)
  A steam dragon (D:9)
  7 vampire mosquitoes
  6 insubstantial wisps (Lair:2)
  19 soldier ants
  Duvessa (D:7)
  19 water moccasins
  A swamp drake (Lair:2)
  7 porcupines
  2 slaves (D:7)
  A black bear (D:6)
  2 hornet zombies
  3 orc warriors
  An ice beast (D:9)
  2 phantoms
  16 crocodiles
  11 wolves
  2 ogres
  3 centaurs
  10 big kobolds
  Blork the orc (D:4)
  24 bullfrogs
  3 gnoll sergeants
  2 scorpions
  Dowan (D:7)
  A water moccasin skeleton (D:9)
  2 killer bees (D:9)
  4 wights
  An electric eel (Lair:2)
  A howler monkey (D:9)
  11 crimson imps
  3 centaur zombies
  A bullfrog zombie (D:10)
  5 jellies
  2 orc priests
  A bullfrog skeleton (D:8)
  6 hounds
  A centaur skeleton (D:6)
  4 iguanas
  5 hell rats (Lair:6)
  5 orc wizards
  25 worker ants
  A killer bee zombie (D:8)
  A hound skeleton (D:5)
  A worker ant zombie (D:4)
  A howler monkey skeleton (D:7)
  18 gnolls
  32 adders
  2 shadow imps
  9 oozes (Sewer)
  2 adder skeletons
  An adder zombie (D:9)
  3 worms
  4 dart slugs
  16 leopard geckos
  30 orcs
  10 ball pythons
  6 bats
  18 giant cockroaches
  7 goblins
  4 hobgoblins
  10 jackals
  19 kobolds
  4 quokkas
  11 frilled lizards
  A goblin zombie (D:10)
  2 quokka skeletons (D:5)
  8 rats
  A fungus (Lair:6)
575 creatures vanquished.

Vanquished Creatures (collateral kills)
  A centaur warrior (D:9)
  A salamander (shapeshifter) (D:9)
  An orc wizard (D:9)
3 creatures vanquished.

Vanquished Creatures (others)
  An adder (Lair:2)
  38 fungi
  65 plants
104 creatures vanquished.

Grand Total: 682 creatures vanquished

Notes
Turn   | Place    | Note
-------+----------+-------------------------------------------
     0 | D:1      | LostNumber the Octopode Earth Elementalist began the quest
                  | for the Orb.
     0 | D:1      | Reached XP level 1. HP: 11/11 MP: 3/3
   103 | D:1      | Reached XP level 2. HP: 4/17 MP: 0/5
   650 | D:1      | Reached XP level 3. HP: 17/21 MP: 6/6
  1137 | D:1      | Learned a level 3 spell: Stone Arrow
  1296 | D:2      | Reached XP level 4. HP: 27/27 MP: 4/7
  1673 | D:2      | Reached skill level 1 in Shields
  1673 | D:2      | Reached skill level 1 in Conjurations
  1963 | D:3      | Reached XP level 5. HP: 25/31 MP: 8/8
  2815 | D:3      | Reached XP level 6. HP: 36/36 MP: 7/10
  2822 | D:3      | Learned a level 5 spell: Lee's Rapid Deconstruction
  3163 | D:3      | Found a blossoming altar of Fedhas.
  3163 | D:3      | Found a shattered altar of Ashenzari.
  3427 | D:4      | Noticed Grinder
  3496 | D:4      | Reached XP level 7. HP: 5/41 MP: 11/11
  3862 | D:4      | Noticed Blork the orc
  3960 | D:4      | Killed Blork the orc
  4007 | D:4      | Noticed Eustachio
  4088 | D:4      | Killed Eustachio
  4088 | D:4      | Reached skill level 5 in Earth Magic
  4312 | D:4      | Found a shadowy altar of Dithmenos.
  4509 | D:5      | Entered Level 5 of the Dungeon
  4515 | D:5      | Reached skill level 5 in Stealth
  4568 | D:5      | Reached XP level 8. HP: 38/46 MP: 13/13
  5410 | D:5      | Found a staircase to the Ecumenical Temple.
  5445 | Temple   | Entered the Ecumenical Temple
  5535 | Temple   | Became a worshipper of Sif Muna the Loreminder
  5599 | D:4      | Killed Grinder
  5755 | D:6      | Found a glowing drain.
  5766 | Sewer    | Entered a sewer
  6027 | Sewer    | Reached skill level 5 in Conjurations
  6033 | Sewer    | Learned a level 4 spell: Petrify
  6078 | Sewer    | Reached * piety under Sif Muna
  6078 | Sewer    | Reached XP level 9. HP: 51/51 MP: 15/15
  7134 | D:7      | Noticed Dowan
  7134 | D:7      | Noticed Duvessa
  7150 | D:7      | Reached skill level 1 in Fighting
  7150 | D:7      | Reached skill level 5 in Dodging
  7166 | D:7      | Killed Dowan
  7240 | D:7      | Killed Duvessa
  7404 | D:7      | Noticed Harold
  7421 | D:7      | Killed Harold
  7421 | D:7      | Reached ** piety under Sif Muna
  7421 | D:7      | Reached skill level 5 in Spellcasting
  7421 | D:7      | Reached XP level 10. HP: 51/63 MP: 2/18
  7631 | D:7      | Noticed Pikel
  7650 | D:7      | Killed Pikel
  7726 | D:7      | Found a transporter.
  7727 | D:7      | Found a transporter.
  7728 | D:7      | Noticed a moth of wrath
  7730 | D:7      | Found a bloodstained altar of Trog.
  7738 | D:7      | Noticed Unholydonuts's ghost (novice DEFE)
  7740 | D:7      | Noticed a two-headed ogre
  7919 | D:8      | Noticed a kobold demonologist
  7931 | D:8      | Killed a kobold demonologist
  8058 | D:8      | Noticed a two-headed ogre
  8172 | D:8      | Found a bloodstained altar of Trog.
  8173 | D:8      | Found an iron altar of Okawaru.
  8318 | D:8      | Found a staircase to the Lair.
  8703 | D:8      | Killed a two-headed ogre
  8757 | D:8      | Reached *** piety under Sif Muna
  9475 | D:9      | Found Uneakept's Antique Weapon Shop.
  9478 | D:9      | Bought a glowing spear for 156 gold pieces
  9486 | D:9      | Found Fuon's Food Emporium.
  9504 | D:9      | Found Ceskekeriva's Weapon Shop.
  9787 | D:9      | Reached XP level 11. HP: 69/70 MP: 20/20
  9873 | D:9      | Noticed a two-headed ogre
  9905 | D:8      | Killed a two-headed ogre
  9905 | D:8      | Reached skill level 5 in Fighting
  9905 | D:8      | Reached skill level 10 in Earth Magic
 10090 | D:9      | Found Nadghucs's Assorted Antiques.
 10093 | D:9      | Bought an ancient sapphire amulet for 100 gold pieces
 10093 | D:9      | Identified the amulet "Qikkel" {Gourm *Slow +Inv rN+} (You
                  | bought it in a shop on level 9 of the Dungeon)
 10283 | D:9      | Got a smoking hand crossbow
 10305 | D:10     | Entered Level 10 of the Dungeon
 10467 | D:10     | Found Fyotot's Antique Weapon Emporium.
 10515 | D:10     | Reached skill level 1 in Evocations
 10984 | D:10     | Noticed a deep elf mage
 11032 | Lair:1   | Entered Level 1 of the Lair of Beasts
 11835 | Lair:1   | Noticed a six-headed hydra
 12706 | Lair:2   | Found a staircase to the Swamp.
 13117 | Lair:2   | Reached **** piety under Sif Muna
 13498 | Lair:2   | Reached XP level 12. HP: 56/80 MP: 21/23
 14181 | Lair:2   | Identified the +6 spear of the Land of Plenty {drain, *Rage
                  | rPois Str+3 Dex+5}
 14181 | Lair:2   | Noticed a spriggan rider
 14181 | Lair:2   | Noticed Haraddelas's ghost (journeyman OpTm)
 14208 | Lair:2   | Found a bloodstained altar of Trog.
 14211 | Lair:2   | Noticed Gastronok
 14683 | Lair:3   | Noticed a queen ant
 15957 | Lair:3   | Killed a queen ant
 16268 | Lair:3   | Reached skill level 10 in Stealth
 16521 | Lair:3   | Reached skill level 1 in Polearms
 17073 | Lair:4   | Noticed a death yak
 17076 | Lair:4   | Noticed a death yak
 17076 | Lair:4   | Noticed Snorg
 17440 | Lair:4   | Noticed a four-headed hydra
 17607 | Lair:4   | Killed a four-headed hydra
 18228 | Lair:5   | Reached XP level 13. HP: 88/88 MP: 20/25
 18598 | Lair:5   | Reached ***** piety under Sif Muna
 18598 | Lair:5   | Identified Sif Muna's Handbook of the Fiery Entourage (Sif
                  | Muna gifted it to you on level 5 of the Lair of Beasts)
 18598 | Lair:5   | Received a gift from Sif Muna
 18614 | Lair:5   | Learned a level 5 spell: Fireball
 18620 | Lair:5   | Learned a level 5 spell: Summon Mana Viper
 18812 | Lair:5   | Noticed Josephine
 18980 | Lair:5   | Killed Josephine
 18980 | Lair:5   | Reached skill level 1 in Hexes
 18980 | Lair:5   | Reached skill level 1 in Summonings
 18980 | Lair:5   | Reached skill level 1 in Fire Magic
 19418 | Lair:5   | Reached skill level 5 in Polearms
 20146 | Lair:5   | Found a staircase to the Slime Pits.
 20146 | Lair:5   | Found a viscous altar of Jiyva.
 20414 | Lair:6   | Entered Level 6 of the Lair of Beasts
 20439 | Lair:6   | Found a frozen archway.
 20713 | Lair:6   | Found a gate leading to a gauntlet.
 20856 | Lair:5   | HP: 3/89 [spiny frog (22)]
 20857 | Lair:5   | HP: 1/89 [poisoned by a spiny frog]
 21872 | Lair:6   | Reached skill level 10 in Dodging
 21874 | Lair:6   | Reached XP level 14. HP: 95/95 MP: 4/27
 22111 | Lair:6   | Identified Sif Muna's Reference Book on the Destructive
                  | Arsonist (Sif Muna gifted it to you on level 6 of the Lair
                  | of Beasts)
 22111 | Lair:6   | Received a gift from Sif Muna
 22120 | Lair:6   | Identified the +3 hand crossbow of Governance {freeze, rF-
                  | Str+4 Int+8 Dex+2} (You found it on level 9 of the Dungeon)
 24970 | D:9      | Reached skill level 5 in Summonings
 24985 | D:9      | Cast into level 2 of the Abyss (a wizard)
 25027 | Abyss:2  | Noticed a bone dragon
 25120 | Abyss:2  | Killed from afar by a raiju

Skill      XL: |  1  2  3  4  5  6  7  8  9 10 11 12 13 14 |
---------------+-------------------------------------------+-----
Stealth        | 3 4 5 6 8 10 | 10.0
Shields        | 1 2 3 4 |  4.0
Conjurations   | 1 2 3 5 6 7 |  7.0
Earth Magic    | 4 5 6 8 9 10 | 10.4
Dodging        | 3 4 5 6 8 9 10 | 10.1
Spellcasting   | 3 4 5 6 7 8 9 |  9.4
Fighting       | 3 4 6 8 9 |  9.0
Transmutations | 3 |  3.0
Evocations     | 3 4 |  4.0
Polearms       | 3 6 7 |  7.0
Hexes          | 3 4 |  4.9
Summonings     | 3 5 |  5.0
Fire Magic     | 3 4 |  4.9

Action                   |  1- 3 |  4- 6 |  7- 9 | 10-12 | 13-15 || total
-------------------------+-------+-------+-------+-------+-------++-------
Melee: Unarmed           |    13 |       |       |       |       ||    13
       Constrict         |    22 |    28 |    48 |    98 |    34 ||   230
       Tentacles         |     9 |    14 |    40 |    85 |    41 ||   189
       Spear             |    84 |   142 |    37 |       |       ||   263
       Rapier            |       |       |    65 |       |       ||    65
       Trident           |       |       |   188 |   579 |   233 ||  1000
 Cast: Sandblast         |     7 |    13 |    46 |   117 |   133 ||   316
       Stone Arrow       |       |       |    20 |   169 |   208 ||   397
       Petrify           |       |       |       |    24 |     9 ||    33
       Lee's Rapid Decon |       |       |       |     7 |    19 ||    26
       Summon Mana Viper |       |       |       |       |     4 ||     4
       Fireball          |       |       |       |       |     1 ||     1
Evoke: Wand              |       |       |     1 |     2 |     1 ||     4
  Use: Scroll            |       |       |    11 |     7 |    10 ||    28
       Potion            |       |       |       |     2 |     3 ||     5
 Stab: Sleeping          |    10 |    12 |    32 |    18 |     3 ||    75
       Distracted        |       |     1 |     1 |     6 |     4 ||    12
       Petrified         |       |       |       |    54 |     8 ||    62
       Petrifying        |       |       |       |     2 |       ||     2
  Eat: Chunk             |     1 |     4 |    12 |    26 |    20 ||    63
       Ration            |       |     1 |     2 |     4 |     1 ||     8
Armor: Skin              |    11 |     8 |    64 |    69 |    19 ||   171
Dodge: Dodged            |    50 |    55 |   220 |   462 |   173 ||   960
Block: Buckler           |    12 |    35 |    98 |   231 |   171 ||   547
       Reflection        |       |       |       |       |     1 ||     1
